 Dungeon Crawl Stone Soup version 0.31.0-1-g2c135a008e (webtiles) character file.

Game seed: 4109227923638839438

55 qw the Shooter (level 4, -5/35 HPs)
             Began as a Djinni Hunter on Jan 23, 2024.
             Slain by an orc
             ... wielding a +0 hand axe
              (6 damage)
             ... on level 2 of the Dungeon.
             The game lasted 00:00:00 (243 turns).

qw the Shooter (Djinni Hunter)                       Turns: 243, Time: 00:00:01

Health: -5/35      AC:  3    Str: 10    XL:     4   Next: 14%
Gold:   44         EV: 12    Int: 11    God:
                   SH:  0    Dex: 18

rFire   + + .        a - +0 shortbow
rCold   x . .        (shield currently unavailable)
rNeg    . . .        c - +0 leather armour
rPois   inf          (no helmet)
rElec   .            (no cloak)
rCorr   .            (no gloves)
SInv    .            (boots unavailable)
Will    .....        (no amulet)
Stlth   ++           (no ring)
HPRegen 0.25/turn    (no ring)
MPRegen 0.00/turn

%: infuse magic (-6 HP)
@: flying
A: sickness immunity, fire resistance 2, cold vulnerability 1, float, innate
caster, HP casting, extra vitality 1
a: no special abilities


You were on level 2 of the Dungeon.
You visited 1 branch of the dungeon, and saw 2 of its levels.

You collected 44 gold pieces.


Innate Abilities, Weirdness & Mutations

You are immune to sickness and miasma.
You are immune to poison.
Your flesh is very heat resistant. (rF++)
You are vulnerable to cold. (rC-)
You float through the air rather than walking.
You learn spells naturally, not from books.
Your magical power is your life essence.
You have superior vitality. (+4 MHP)


   Skills:
 - Level 3.1 Fighting
 - Level 4.0 Ranged Weapons
 + Level 2.1 Dodging
 - Level 0.7 Stealth


You knew the following spells:

 Your Spells              Type           Power      Damage    Failure   Level
a - Necrotise             Necr           0%         1d4       43%         1
Your spell library was empty.

Inventory:

Hand Weapons
 a - a +0 shortbow (weapon)
Armour
 c - a +0 leather armour (worn)
 g - a +0 helmet
Scrolls
 b - a scroll of butterflies
 f - a scroll of enchant weapon {unknown}
 h - a scroll of noise {unknown}
 i - a scroll of teleportation {unknown}
Potions
 d - a potion of curing {unknown}
 e - a potion of attraction {unknown}

Dungeon Overview and Level Annotations

Branches:
Dungeon (2/15)

Altars:


Message History

The orc priest looks satisfied for a moment.
The orc hits you with a +0 hand axe.
You shoot an arrow.
The arrow hits the orc but does no damage.
The orc barely misses you.
You shoot an arrow. The arrow closely misses the orc.
The arrow hits the orc priest but does no damage.
The orc priest is heavily wounded.
The orc hits you with a +0 hand axe.
You shoot an arrow. The arrow barely misses the orc.
The arrow closely misses the orc priest.
The orc hits you with a +0 hand axe. The orc barely misses you.
You shoot an arrow. The arrow hits the orc.
The orc is lightly wounded.
The orc misses you.
You shoot an arrow. The arrow closely misses the orc.
The arrow hits the orc priest.
The orc priest is almost dead.
The orc hits you but does no damage.
You shoot an arrow. The arrow closely misses the orc.
The arrow hits the orc priest but does no damage.
The orc priest is almost dead.
The orc hits you with a +0 hand axe!
You shoot an arrow. The arrow barely misses the orc.
The arrow hits the orc priest.
You kill the orc priest!
The orc hits you with a +0 hand axe. x2
Your Fighting skill increases to level 3!
You have reached level 4!
You feel clever.
You shoot an arrow. The arrow closely misses the orc. x2
The orc closely misses you.
You shoot an arrow. The arrow closely misses the orc. x2
The orc completely misses you.
You shoot an arrow. The arrow hits the orc.
The orc is moderately wounded.
The orc hits you with a +0 hand axe.
You shoot an arrow. The arrow barely misses the orc.
The arrow hits the orc!
You kill the orc!
The orc hits you with a +0 hand axe.
You die...

. ##### ##### .#
#...####...####..#
#................#
###...###..........)
..............####.#
####.#####...#####.#.###
#.# ###....@o)).... #.#
#.#####......
#.#######.# ###..
####.......#.## ###
#.....####....## #..
#.....####.....# #.#
#.........>....# #.#
#.....####.#.#.###.# #
#.....#
#.......##.###..#


You could see an orc.

Vanquished Creatures
  An orc priest (D:2)
  An adder (D:2)
  A ribbon worm (D:2)
  2 orcs (D:2)
  2 endoplasms (D:1)
  2 giant cockroaches
  2 goblins
  A hobgoblin (D:2)
  A quokka (D:1)
  2 rats (D:2)
15 creatures vanquished.

Notes
Turn   | Place    | Note
-------+----------+-------------------------------------------
     0 | D:1      | qw the Djinni Hunter began the quest for the Orb.
     0 | D:1      | Reached XP level 1. HP: 18/18 MP: 0/0
     0 | D:1      | 0 ||| qw: Version: 0.3-a-136-gdd3b4e8
     0 | D:1      | 0 ||| qw: Game counter: 985
     0 | D:1      | 0 ||| qw: Melee chars always use a shield: true
     0 | D:1      | 0 ||| qw: God list: Okawaru
     0 | D:1      | 0 ||| qw: Allow faded altars: false
     0 | D:1      | 0 ||| qw: Do Orc after clearing Dungeon:15 true
     0 | D:1      | 0 ||| qw: Do second Lair branch before Depths: true
     0 | D:1      | 0 ||| qw: Lair rune preference: random
     0 | D:1      | 0 ||| qw: Goals: Normal
     0 | D:1      | 0 ||| PLANNING D:1-11
    88 | D:1      | Reached XP level 2. HP: 23/23 MP: 0/0
   122 | D:1      | You are sucked into a shaft and drop 1 floor!
   173 | D:2      | Reached skill level 4 in Ranged Weapons
   173 | D:2      | Reached XP level 3. HP: 28/28 MP: 0/0
   173 | D:2      | Learned a level 1 spell: Necrotise
   239 | D:2      | HP: 3/28 [orc/+0 hand axe (5)]
   240 | D:2      | Reached skill level 3 in Fighting
   240 | D:2      | Reached XP level 4. HP: 4/35 MP: 0/0
   242 | D:2      | HP: 1/35 [orc/+0 hand axe (4)]
   243 | D:2      | Slain by an orc

Levels and vault maps discovered:
D:1:      wander_arrival_estate, layout_basic, hangedman_feature_mirror,
          minmay_misc_feat_x
D:2:      layout_loops_ring, serial_shops, nicolae_shop_waterfront, uniq_terence

Skill      XL: |  1  2  3 |
---------------+----------+-----
Ranged Weapons | 4 |  4.0
Fighting       | 3 |  3.1
Dodging        | |  2.1
Stealth        | |  0.7

Action                     |  1- 3 |  4- 6 || total
---------------------------+-------+-------++-------
   Fire: Shortbow          |    44 |     4 ||    48
 Armour: Leather armour    |    10 |     2 ||    12
  Dodge: Dodged            |    10 |     2 ||    12

Table legend:
 A = Non-vault XP
 B = Vault XP
 C = Vault XP percentage of total XP
 D = Non-vault monster count
 E = Vault monster count
 F = Vault count percentage of total count
                 A         B        C        D         E       F
            +---------+---------+-------+---------+---------+-------
      Total |      82 |       0 |   0.0 |      15 |       0 |   0.0
            +---------+---------+-------+---------+---------+-------
        D:1 |      10 |       0 |   0.0 |       5 |       0 |   0.0
        D:2 |      72 |       0 |   0.0 |      10 |       0 |   0.0
            +---------+---------+-------+---------+---------+-------
